| TOP OF THE 1ST |
|
Texas Rangers batting - Pitching for Seattle Mariners : LHP Randy Jones
|
|
Pitching: LHP Randy Jones
|
|
|
Batting: LHB Lenny Dykstra
|
0-0: Swinging Strike 0-1: Called Strike 0-2: Ball 1-2: Ball 2-2: Ball 3-2: SINGLE (Line Drive, 8LS, EV 105.0 MPH)
|
|
Batting: RHB Kirby Puckett
|
0-0: Ball 1-0: Fly out, F2 (Popup, 5SF, EV 84.4 MPH)
|
|
Batting: RHB Steve Garvey
|
0-0: Swinging Strike 0-1: Ball 1-1: DOUBLE (Flyball, 78D, EV 87.5 MPH) Lenny Dykstra to third Runner from 3rd tries for Home, SAFE, throw by LF to trailing runner, SAFE at third!
|
|
Batting: RHB Steve Balboni
|
0-0: Ball 1-0: Fly out, F8 (Flyball, 89M, EV 91.9 MPH) Runner from 3rd tags up, SCORES, throw by CF
|
|
Batting: LHB Jody Helser
|
0-0: Ball 1-0: Called Strike 1-1: Ball 2-1: DOUBLE (Line Drive, 7LS, EV 101.9 MPH)
|
|
Batting: LHB Richie Hebner
|
0-0: Foul Ball, location: 2F 0-1: Swinging Strike 0-2: Fly out, F8 (Line Drive, 8LM, EV 90.6 MPH)
|
| Top of the 1st over - 2 runs, 3 hits, 0 errors, 1 left on base; Texas 2 - Seattle 0 |
| BOTTOM OF THE 1ST |
|
Seattle Mariners batting - Pitching for Texas Rangers : LHP Fernando Valenzuela
|
|
Pitching: LHP Fernando Valenzuela
|
|
|
Batting: LHB Ivan Flores
|
0-0: Called Strike 0-1: Ball 1-1: Swinging Strike 1-2: Strikes out looking
|
|
Batting: LHB Mike Stenhouse
|
0-0: Foul Ball, location: 2F 0-1: Swinging Strike 0-2: Fly out, F5 (Popup, 5F, EV 66.9 MPH)
|
|
Batting: RHB Robin Yount
|
0-0: Ball 1-0: Foul Ball, location: 2F 1-1: Swinging Strike 1-2: Strikes out swinging
|
| Bottom of the 1st over - 0 runs, 0 hits, 0 errors, 0 left on base; Texas 2 - Seattle 0 |
| TOP OF THE 2ND |
|
Texas Rangers batting - Pitching for Seattle Mariners : LHP Randy Jones
|
|
Batting: RHB George Bjorkman
|
0-0: Ball 1-0: Foul Ball, location: 2F 1-1: Foul Ball, location: 2F 1-2: Strikes out looking
|
|
Batting: RHB Juan Rodriguez
|
0-0: Ball 1-0: Fly out, F5 (Popup, 25F, EV 88.8 MPH)
|
|
Batting: RHB Juan Samuel
|
0-0: Ball 1-0: Called Strike 1-1: Ball 2-1: Foul Ball, location: 2F 2-2: Fly out, F4 (Flyball, 3D, EV 91.3 MPH)
|
| Top of the 2nd over - 0 runs, 0 hits, 0 errors, 0 left on base; Texas 2 - Seattle 0 |
| BOTTOM OF THE 2ND |
|
Seattle Mariners batting - Pitching for Texas Rangers : LHP Fernando Valenzuela
|
|
Batting: LHB Don Mattingly
|
0-0: Ball 1-0: Foul Ball, location: 2F 1-1: Ball 2-1: Ball 3-1: Base on Balls
|
|
Batting: RHB Bobby Bonds
|
0-0: Ball 1-0: Ball 2-0: Called Strike 2-1: Ball 3-1: Base on Balls Don Mattingly to second
|
|
Batting: LHB Jose Perales
|
0-0: Called Strike 0-1: Ball 1-1: Ball 2-1: Fly out, F7 (Flyball, 7LM, EV 85.6 MPH)
|
|
Batting: SHB Miguel Dilone
|
0-0: Called Strike 0-1: Foul Ball, location: 2F 0-2: Ball 1-2: Ball 2-2: Fly out, F7 (Line Drive, 7, EV 93.8 MPH)
|
|
Batting: RHB Ryne Sandberg
|
0-0: Ball 1-0: Swinging Strike 1-1: Ball 2-1: Ball 3-1: Ground out 6-3 (Groundball, 6MS, EV 88.8 MPH)
|
| Bottom of the 2nd over - 0 runs, 0 hits, 0 errors, 2 left on base; Texas 2 - Seattle 0 |
| TOP OF THE 3RD |
|
Texas Rangers batting - Pitching for Seattle Mariners : LHP Randy Jones
|
|
Batting: LHB Lenny Dykstra
|
0-0: Ball 1-0: Ground out 6-3 (Groundball, 56D, EV 107.5 MPH)
|
|
Batting: RHB Kirby Puckett
|
0-0: Called Strike 0-1: Called Strike 0-2: Foul Ball, location: 2F 0-2: SINGLE (Groundball, 6D, EV 100.0 MPH)
|
|
Batting: RHB Steve Garvey
|
0-0: Ball Kirby Puckett steals 2nd base 1-0: Foul Ball, location: 2F 1-1: Swinging Strike 1-2: Ball 2-2: SINGLE (Groundball, 4MD, EV 101.3 MPH) Kirby Puckett to third Runner from 3rd tries for Home, SAFE, throw by CF to home
|
|
Batting: RHB Steve Balboni
|
0-0: DOUBLE (Groundball, 5L, EV 105.6 MPH) Steve Garvey to third Runner from 3rd tries for Home, SAFE, no throw by LF
|
|
Batting: LHB Jody Helser
|
0-0: Ball 1-0: Ball 2-0: Called Strike 2-1: SINGLE (Line Drive, 7S, EV 103.1 MPH) Steve Balboni to third Runner from 3rd tries for Home, throw by LF and OUT! 7-2
|
|
Batting: LHB Richie Hebner
|
0-0: Foul Ball, location: 2F 0-1: Ball 1-1: Fly out, F8 (Flyball, 8LM, EV 89.4 MPH)
|
| Top of the 3rd over - 2 runs, 4 hits, 0 errors, 1 left on base; Texas 4 - Seattle 0 |
| BOTTOM OF THE 3RD |
|
Seattle Mariners batting - Pitching for Texas Rangers : LHP Fernando Valenzuela
|
|
Batting: RHB Ken Reitz
|
0-0: Called Strike 0-1: Foul Ball, location: 2F 0-2: Strikes out looking
|
|
Batting: LHB Ivan Flores
|
0-0: Ball 1-0: Ball 2-0: Ball 3-0: Called Strike 3-1: Called Strike 3-2: Ground out 4-3 (Groundball, 4MD, EV 96.9 MPH)
|
|
Batting: LHB Mike Stenhouse
|
0-0: Ball 1-0: Ball 2-0: Ball 3-0: Called Strike 3-1: Base on Balls
|
|
Batting: RHB Robin Yount
|
0-0: Ball 1-0: Ball 2-0: Ball 3-0: Base on Balls Mike Stenhouse to second
|
|
Batting: LHB Don Mattingly
|
0-0: Ball 1-0: Foul Ball, location: 2F 1-1: Ball 2-1: Foul Ball, location: 2F 2-2: Fly out, F5 (Line Drive, 5, EV 64.4 MPH)
|
| Bottom of the 3rd over - 0 runs, 0 hits, 0 errors, 2 left on base; Texas 4 - Seattle 0 |
| TOP OF THE 4TH |
|
Texas Rangers batting - Pitching for Seattle Mariners : LHP Randy Jones
|
|
Batting: RHB George Bjorkman
|
0-0: Foul Ball, location: 2F 0-1: Swinging Strike 0-2: Foul Ball, location: 2F 0-2: Ball 1-2: Ball 2-2: Ground out U3 (Groundball, 34, EV 79.4 MPH)
|
|
Batting: RHB Juan Rodriguez
|
0-0: SINGLE (Groundball, 4D, EV 106.3 MPH)
|
|
Batting: RHB Juan Samuel
|
0-0: Foul Ball, location: 2F 0-1: Ball 1-1: Fielders Choice at 2nd, 4-6 (Groundball, 4, EV 82.5 MPH)
|
|
Batting: LHB Lenny Dykstra
|
0-0: Foul Ball, location: 2F 0-1: Foul Ball, location: 2F 0-2: Strikes out swinging
|
| Top of the 4th over - 0 runs, 1 hit, 0 errors, 1 left on base; Texas 4 - Seattle 0 |
| BOTTOM OF THE 4TH |
|
Seattle Mariners batting - Pitching for Texas Rangers : LHP Fernando Valenzuela
|
|
Batting: RHB Bobby Bonds
|
0-0: Ball 1-0: Foul Ball, location: 2F 1-1: Called Strike 1-2: Foul Ball, location: 2F 1-2: Foul Ball, location: 2F 1-2: Ball 2-2: SINGLE (Line Drive, 8RS, EV 113.1 MPH)
|
|
Batting: LHB Jose Perales
|
0-0: Called Strike 0-1: Foul Ball, location: 2F 0-2: Strikes out looking
|
|
Batting: SHB Miguel Dilone
|
0-0: Ball 1-0: Fielders Choice at 2nd, 6-4 (Groundball, 56D, EV 101.3 MPH)
|
|
Batting: RHB Ryne Sandberg
|
0-0: Ball 1-0: Called Strike Miguel Dilone steals 2nd base 1-1: Ground out 5-3 (Groundball, 5, EV 90.0 MPH)
|
| Bottom of the 4th over - 0 runs, 1 hit, 0 errors, 1 left on base; Texas 4 - Seattle 0 |
| TOP OF THE 5TH |
|
Texas Rangers batting - Pitching for Seattle Mariners : LHP Randy Jones
|
|
Batting: RHB Kirby Puckett
|
0-0: Foul Ball, location: 2F 0-1: Ground out 5-3 (Groundball, 56S, EV 80.6 MPH)
|
|
Batting: RHB Steve Garvey
|
0-0: Fly out, F9 (Line Drive, 9, EV 83.1 MPH)
|
|
Batting: RHB Steve Balboni
|
0-0: Ball 1-0: Fly out, F4 (Flyball, 4D, EV 87.5 MPH)
|
| Top of the 5th over - 0 runs, 0 hits, 0 errors, 0 left on base; Texas 4 - Seattle 0 |
| BOTTOM OF THE 5TH |
|
Seattle Mariners batting - Pitching for Texas Rangers : LHP Fernando Valenzuela
|
|
Batting: RHB Ken Reitz
|
0-0: Called Strike 0-1: Swinging Strike 0-2: Strikes out swinging
|
|
Batting: LHB Ivan Flores
|
0-0: Swinging Strike 0-1: Swinging Strike 0-2: Fly out, F7 (Flyball, 78D, EV 74.4 MPH)
|
|
Batting: LHB Mike Stenhouse
|
0-0: Ball 1-0: Foul Ball, location: 2F 1-1: Called Strike 1-2: Ground out 6-3 (Groundball, 6MD, EV 105.6 MPH)
|
| Bottom of the 5th over - 0 runs, 0 hits, 0 errors, 0 left on base; Texas 4 - Seattle 0 |
| TOP OF THE 6TH |
|
Texas Rangers batting - Pitching for Seattle Mariners : LHP Randy Jones
|
|
Batting: LHB Jody Helser
|
0-0: Ball 1-0: SINGLE (Groundball, 4MD, EV 96.3 MPH)
|
|
Batting: LHB Richie Hebner
|
0-0: Called Strike 0-1: Called Strike 0-2: Ball 1-2: Foul Ball, location: 2F 1-2: Ball 2-2: Foul Ball, location: 2F 2-2: Grounds into double play, 5-4-3 (Groundball, 56, EV 85.0 MPH)
|
|
Batting: RHB George Bjorkman
|
0-0: Foul Ball, location: 2F 0-1: Ball 1-1: DOUBLE (Groundball, 5L, EV 111.9 MPH)
|
|
Batting: RHB Juan Rodriguez
|
0-0: Called Strike 0-1: Fly out, F8 (Flyball, 8LXD, EV 105.0 MPH)
|
| Top of the 6th over - 0 runs, 2 hits, 0 errors, 1 left on base; Texas 4 - Seattle 0 |
| BOTTOM OF THE 6TH |
|
Seattle Mariners batting - Pitching for Texas Rangers : LHP Fernando Valenzuela
|
|
Batting: RHB Robin Yount
|
0-0: Foul Ball, location: 2F 0-1: Ball 1-1: Ball 2-1: Ball 3-1: Swinging Strike 3-2: Base on Balls
|
|
Batting: LHB Don Mattingly
|
0-0: Called Strike Robin Yount steals 2nd base 0-1: Called Strike 0-2: Foul Ball, location: 2F 0-2: Ball 1-2: Ball 2-2: Ground out 6-3 (Groundball, 6, EV 90.0 MPH) Robin Yount to third
|
|
Batting: RHB Bobby Bonds
|
0-0: Ball Steal of home, Robin Yount is safe 1-0: SOLO HOME RUN (Flyball, 7D, EV 103.1 MPH), Distance : 374 ft
|
|
Batting: LHB Jose Perales
|
0-0: Ball 1-0: Foul Ball, location: 2F 1-1: Foul Ball, location: 2F 1-2: Ball 2-2: Ball 3-2: Ground out 6-3 (Groundball, 6M, EV 110.0 MPH)
|
|
Batting: SHB Miguel Dilone
|
0-0: DOUBLE (Groundball, 5L, EV 102.5 MPH)
|
|
Pitching: RHP John Sutton
|
|
|
Batting: RHB Ryne Sandberg
|
0-0: Fly out, F8 (Flyball, 89M, EV 76.9 MPH)
|
| Bottom of the 6th over - 2 runs, 2 hits, 0 errors, 1 left on base; Texas 4 - Seattle 2 |
| TOP OF THE 7TH |
|
Texas Rangers batting - Pitching for Seattle Mariners : LHP Randy Jones
|
|
Pitching: RHP Dick Bosman
|
|
|
Batting: RHB Juan Samuel
|
0-0: Ball 1-0: Called Strike 1-1: Fly out, F4 (Flyball, 4MD, EV 85.0 MPH)
|
|
Batting: LHB Lenny Dykstra
|
0-0: Swinging Strike 0-1: Ball 1-1: Ball 2-1: Foul Ball, location: 2F 2-2: Ground out 6-3 (Groundball, 6, EV 86.3 MPH)
|
|
Batting: RHB Kirby Puckett
|
0-0: SINGLE (Groundball, 56D, EV 110.0 MPH)
|
|
Batting: RHB Steve Garvey
|
0-0: Ball Kirby Puckett steals 2nd base (no throw) 1-0: Ball 2-0: Foul Ball, location: 2F 2-1: Fly out, F7 (Flyball, 7LD, EV 93.1 MPH)
|
| Top of the 7th over - 0 runs, 1 hit, 0 errors, 1 left on base; Texas 4 - Seattle 2 |
| BOTTOM OF THE 7TH |
|
Seattle Mariners batting - Pitching for Texas Rangers : RHP John Sutton
|
|
Batting: RHB Ken Reitz
|
0-0: Ball 1-0: Ball 2-0: Ball 3-0: Called Strike 3-1: SINGLE (Line Drive, 89S, EV 104.4 MPH)
|
|
Batting: LHB Ivan Flores
|
0-0: Ball 1-0: Sac Bunt to 23 - play at first, batter OUT! 3-4 Ken Reitz to second
|
|
Batting: LHB Mike Stenhouse
|
0-0: Called Strike 0-1: Foul Ball, location: 2F 0-2: Foul Ball, location: 2F 0-2: Ball 1-2: Ball 2-2: Ball 3-2: Foul Ball, location: 2F 3-2: Foul Ball, location: 2F 3-2: Ground out 4-3 (Groundball, 4, EV 80.6 MPH) Ken Reitz to third
|
|
Batting: RHB Robin Yount
|
0-0: Ball 1-0: Ball 2-0: Fly out, F8 (Line Drive, 8LD, EV 92.5 MPH)
|
| Bottom of the 7th over - 0 runs, 1 hit, 0 errors, 1 left on base; Texas 4 - Seattle 2 |
| TOP OF THE 8TH |
|
Texas Rangers batting - Pitching for Seattle Mariners : RHP Dick Bosman
|
|
Batting: RHB Steve Balboni
|
0-0: Ball 1-0: Called Strike 1-1: Ball 2-1: Called Strike 2-2: Fly out, F9 (Flyball, 9LD, EV 105.6 MPH)
|
|
Batting: LHB Jody Helser
|
0-0: Fly out, F8 (Line Drive, 8RM, EV 100.0 MPH)
|
|
Batting: LHB Richie Hebner
|
0-0: Called Strike 0-1: Ball 1-1: Foul Ball, location: 2F 1-2: Ground out 4-3 (Groundball, 34D, EV 100.0 MPH)
|
| Top of the 8th over - 0 runs, 0 hits, 0 errors, 0 left on base; Texas 4 - Seattle 2 |
| BOTTOM OF THE 8TH |
|
Seattle Mariners batting - Pitching for Texas Rangers : RHP John Sutton
|
|
Batting: LHB Don Mattingly
|
0-0: Ball 1-0: Called Strike 1-1: Swinging Strike 1-2: Fly out, F8 (Line Drive, 8LD, EV 97.5 MPH)
|
|
Batting: RHB Bobby Bonds
|
0-0: Called Strike 0-1: Ground out 1-3 (Groundball, 13S, EV 71.3 MPH)
|
|
Batting: LHB Jose Perales
|
0-0: Ball 1-0: Called Strike 1-1: Foul Ball, location: 2F 1-2: Foul Ball, location: 2F 1-2: Strikes out swinging
|
| Bottom of the 8th over - 0 runs, 0 hits, 0 errors, 0 left on base; Texas 4 - Seattle 2 |
| TOP OF THE 9TH |
|
Texas Rangers batting - Pitching for Seattle Mariners : RHP Dick Bosman
|
|
Batting: RHB George Bjorkman
|
0-0: Ball 1-0: Ball 2-0: Foul Ball, location: 2F 2-1: Ball 3-1: Reached on error, E7 (Flyball, 7, EV 91.3 MPH)
|
|
Batting: RHB Juan Rodriguez
|
0-0: Ball 1-0: Bunted foul 1-1: Reached on error, E2 (Groundball, 2L, EV 43.8 MPH) George Bjorkman to third
|
|
Batting: RHB Juan Samuel
|
0-0: Ball 1-0: Foul Ball, location: 2F 1-1: Foul Ball, location: 2F 1-2: SINGLE (Groundball, 6MD, EV 98.1 MPH) George Bjorkman scores Juan Rodriguez to third Runner from 3rd tries for Home, SAFE, throw by CF to home
|
|
Batting: LHB Lenny Dykstra
|
0-0: Ball 1-0: Called Strike 1-1: Bunted foul 1-2: Fielders Choice at 2nd, 6-4 (Groundball, 6MD, EV 85.6 MPH)
|
|
Pitching: RHP Nick Bowditch
|
|
|
Batting: RHB Kirby Puckett
|
0-0: Ball 1-0: Ball 2-0: Ball 3-0: Called Strike 3-1: SINGLE (Flyball, 3D, EV 92.5 MPH) Lenny Dykstra to second
|
|
Batting: RHB Steve Garvey
|
0-0: Fly out, F6 (Popup, 56, EV 54.4 MPH)
|
|
Batting: RHB Steve Balboni
|
0-0: Ball 1-0: Called Strike 1-1: Ball 2-1: Fly out, F7 (Flyball, 7LM, EV 98.1 MPH)
|
| Top of the 9th over - 2 runs, 2 hits, 2 errors, 2 left on base; Texas 6 - Seattle 2 |
| BOTTOM OF THE 9TH |
|
Seattle Mariners batting - Pitching for Texas Rangers : RHP John Sutton
|
|
Batting: SHB Miguel Dilone
|
0-0: Called Strike 0-1: Ball 1-1: Foul Ball, location: 2F 1-2: Foul Ball, location: 2F 1-2: SINGLE (Groundball, 4MD, EV 104.4 MPH)
|
|
Pitching: RHP Michael Heaton
|
|
|
Batting: RHB Ryne Sandberg
|
0-0: Foul Ball, location: 2F 0-1: Fly out, F8 (Line Drive, 8RD, EV 95.6 MPH)
|
|
Batting: RHB Ken Reitz
|
0-0: Fly out, F8 (Flyball, 8LS, EV 77.5 MPH)
|
|
Batting: LHB Ivan Flores
|
Balk! Miguel Dilone to second 0-0: Ball 1-0: Called Strike 1-1: Ball 2-1: Ground out U3 (Groundball, 34S, EV 85.6 MPH)
|
| Bottom of the 9th over - 0 runs, 1 hit, 0 errors, 1 left on base; Texas 6 - Seattle 2 |
|